 Dungeon Crawl Stone Soup version 0.23.2-1-ga50397a (webtiles) character file.

Game seed: 14281707542649143683

45 Heatsaber the Firebug (level 3, -1/19 HPs)
             Began as a Deep Elf Fire Elementalist on May 23, 2019.
             Slain by a goblin
             ... wielding a +0 dagger
             ... led by Robin
              (3 damage)
             ... on level 2 of the Dungeon.
             The game lasted 00:14:54 (1509 turns).

Heatsaber the Firebug (Deep Elf Fire Elementalist)  Turns: 1509, Time: 00:14:54

Health: -1/19      AC:  2    Str:  6    XL:     3   Next: 42%
Magic:  4/9        EV: 13    Int: 19    God:
Gold:   38         SH:  0    Dex: 15    Spells: 4/8 levels left

rFire    . . .     SeeInvis .   d - +0 dagger
rCold    . . .     Gourm    .   (no shield)
rNeg     . . .     Faith    .   a - +0 robe
rPois    .         Spirit   .   (no helmet)
rElec    .         Reflect  .   (no cloak)
rCorr    .         Harm     .   (no gloves)
MR       .....                  (no boots)
Stlth    ++........             (no amulet)
HPRegen  0.06/turn              (no ring)
MPRegen  0.11/turn              (no ring)

@: very slightly contaminated
A: no striking features
a: no special abilities


You were on level 2 of the Dungeon.
You were near starving.

You visited 1 branch of the dungeon, and saw 2 of its levels.

You collected 38 gold pieces.

Inventory:

Hand Weapons
 d - a +0 dagger (weapon)
Armour
 a - a +0 robe (worn)
 h - a +0 leather armour
Wands
 o - a wand of iceblast (7)
Scrolls
 g - 3 scrolls of remove curse {unknown}
 j - 2 scrolls of magic mapping {unknown}
 k - a scroll of noise {unknown}
 l - 4 scrolls of identify {unknown}
Potions
 b - a potion of lignification {unknown}
 e - a potion of haste {unknown}
 f - a potion of ambrosia {unknown}
 m - a potion of flight {unknown}
 n - a potion of curing {unknown}
 p - a potion of brilliance {unknown}
Comestibles
 c - 2 rations


   Skills:
 + Level 3.3 Dodging
 - Level 2.4 Stealth
 - Level 3.0 Spellcasting
 + Level 2.2 Conjurations
 + Level 3.9 Fire Magic


You had 4 spell levels left.
You knew the following spells:

 Your Spells              Type           Power        Failure   Level  Hunger
a - Flame Tongue          Conj/Fire      ##...        4%          1    None
b - Conjure Flame         Conj/Fire      ##......     13%         3    ###....

Your spell library contained the following spells:

 Spells                   Type           Power        Failure   Level  Hunger
 Throw Flame              Conj/Fire      ##....       6%          2    ##.....
 Inner Flame              Hex/Fire       ##......     21%         3    ###....
 Sticky Flame             Conj/Fire      ##......     38%         4    ####...
 Fireball                 Conj/Fire      ##........   75%         5    ######.


Dungeon Overview and Level Annotations

Branches:
Dungeon (2/15)

Altars:

Annotations:
D:2 Robin


Message History

* * * LOW HITPOINT WARNING * * *
Casting: Flame Tongue (safe; 4% risk of failure)
Confirm with . or Enter, or press ? or * to list all spells.
Aiming: Flame Tongue (safe; 4% risk of failure)
Press: ? - help, Shift-Dir - straight line, f - goblin
Aim: a goblin The flame tongue hits the goblin.
The goblin is severely wounded.
Robin roars a battlecry!
The goblins go into a battle-frenzy!
The goblin hits you but does no damage. The goblin misses you.
Unknown command.
Casting: Flame Tongue (safe; 4% risk of failure)
Confirm with . or Enter, or press ? or * to list all spells.
You don't know that spell.
As you read the scroll labeled XIODEL HOTE, it crumbles to dust.
It is a scroll of amnesia.
Okay, then.
The goblin hits you with a +0 dagger.
You die...

#.#.....##.......>...
#.#.....#####........
#.#.....# #........
#.#.##### #########
#.#)# #.#.# #.#.#
###### #.#g####.....#
#g@☼gggg...#
######g....# .....#
gg.g.# g..g.# gr.g.#
..g.$# ### ..g### #..
#..


You could see Robin, 3 hobgoblins and 3 goblins.

Vanquished Creatures
  An adder (D:2)
  A leopard gecko (D:1)
  5 bats
  A giant cockroach (D:2)
  9 goblins
  4 hobgoblins
  3 frilled lizards (D:2)
  5 kobolds (D:2)
  4 rats
33 creatures vanquished.

Notes
Turn   | Place    | Note
-------+----------+-------------------------------------------
     0 | D:1      | Heatsaber the Deep Elf Fire Elementalist began the quest
                  | for the Orb.
     0 | D:1      | Reached XP level 1. HP: 10/10 MP: 6/6
   231 | D:1      | Reached XP level 2. HP: 13/15 MP: 4/8
   678 | D:2      | Noticed Robin
   966 | D:2      | Reached XP level 3. HP: 19/19 MP: 7/9
   973 | D:2      | Learned a level 3 spell: Conjure Flame
  1509 | D:2      | Slain by a goblin

Skill      XL: |  1  2 |
---------------+-------+-----
Dodging        | 3 |  3.3
Conjurations   | 2 |  2.2
Stealth        | |  2.4
Spellcasting   | |  3.0
Fire Magic     | |  3.9

Action                   || total
-------------------------++-------
Melee: Dagger            ||     5
 Cast: Flame Tongue      ||    59
       Conjure Flame     ||     2
  Use: Scroll            ||     1
 Stab: Sleeping          ||     1
Armor: Robe              ||     8
Dodge: Dodged            ||    35
